 Dungeon Crawl Stone Soup version 0.31.0-1-g2c135a008e (webtiles) character file.

Game seed: 12628164432575320024

122 qw the Shooter (level 5, -4/40 HPs)
             Began as a Djinni Hunter on Jan 23, 2024.
             Slain by an ogre
             ... wielding a +0 giant spiked club
              (30 damage)
             ... on level 4 of the Dungeon.
             The game lasted 00:00:10 (2540 turns).

qw the Shooter (Djinni Hunter)                      Turns: 2540, Time: 00:00:11

Health: -4/40      AC:  6    Str: 10    XL:     5   Next: 27%
Gold:   197        EV: 11    Int: 11    God:
                   SH:  0    Dex: 18

rFire   + + .        a - +1 shortbow
rCold   x . .        (shield currently unavailable)
rNeg    . . .        i - +0 ring mail
rPois   inf          g - +0 helmet
rElec   .            (no cloak)
rCorr   .            (no gloves)
SInv    .            (boots unavailable)
Will    .....        (no amulet)
Stlth   +            (no ring)
HPRegen 0.26/turn    (no ring)
MPRegen 0.00/turn

%: infuse magic (-5 HP)
@: flying
A: sickness immunity, fire resistance 2, cold vulnerability 1, float, innate
caster, HP casting, extra vitality 1
a: no special abilities


You were on level 4 of the Dungeon.
You visited 1 branch of the dungeon, and saw 4 of its levels.

You collected 197 gold pieces.


Innate Abilities, Weirdness & Mutations

You are immune to sickness and miasma.
You are immune to poison.
Your flesh is very heat resistant. (rF++)
You are vulnerable to cold. (rC-)
You float through the air rather than walking.
You learn spells naturally, not from books.
Your magical power is your life essence.
You have superior vitality. (+4 MHP)


   Skills:
 - Level 3.1 Fighting
 + Level 4.5 Ranged Weapons
 - Level 1.0 Armour
 - Level 2.1 Dodging
 - Level 0.7 Stealth


You knew the following spells:

 Your Spells              Type           Power      Damage    Failure   Level
a - Magic Dart            Conj           0%         1d3       65%         1
b - Searing Ray           Conj           0%         2d4       80%         2
Your spell library was empty.

Inventory:

Hand Weapons
 a - a +1 shortbow (weapon)
Armour
 g - a +0 helmet (worn)
 i - a +0 ring mail (worn)
Wands
 b - a wand of charming (12)
Potions
 d - a potion of haste
 f - a potion of resistance
 k - a potion of cancellation

Dungeon Overview and Level Annotations

Branches:
Dungeon (4/15)
 Temple: D:4-7

Altars:
Makhleb


Message History

Natasha casts a spell at you. The magic dart hits you.
You shoot an arrow. The arrow barely misses Natasha.
Natasha claws you. x2
You shoot an arrow.
The arrow hits Natasha but does no damage.
Natasha is severely wounded.
Natasha stares at you and mumbles some strange words.
The magic dart hits you. Natasha barely misses you.
You shoot an arrow. The arrow hits Natasha!
You kill Natasha!
Natasha growls in agony!
You start resting.
You feel yourself speed up.
HP restored.
Done exploring.
What level of the Dungeon? (default 4, ? - help)
You fly downwards.
There is a stone staircase leading up here.
An ogre comes into view. It is wielding a +0 giant spiked club.
You shoot an arrow.
The arrow hits the ogre but does no damage.
The ogre shouts!
You shoot an arrow. The arrow hits the ogre.
The ogre is lightly wounded.
You shoot an arrow. The arrow hits the ogre.
The ogre is lightly wounded.
You shoot an arrow. The arrow hits the ogre.
The ogre is heavily wounded.
You shoot an arrow. The arrow hits the ogre.
The ogre is heavily wounded.
The ogre hits you with a +0 giant spiked club!
You shoot an arrow. The arrow hits the ogre.
The ogre is severely wounded.
The ogre closely misses you.
You shoot an arrow. The arrow hits the ogre.
The ogre is severely wounded.
The ogre hits you with a +0 giant spiked club!!
Ouch! That really hurt!
You die...

##.......##
#..........###
#............##
#.............##
#...........$..#
#.........)....
#....(.........
#.....@O......
##...<........
#............
##...........
##..........
##.....>...
##........
##......# #....#


You could see an ogre.

Vanquished Creatures
  Ijyb (D:3)
  Natasha (D:3)
  3 adders
  A dart slug (D:2)
  A ribbon worm (D:2)
  6 bats
  3 endoplasms
  3 giant cockroaches
  4 goblins
  4 hobgoblins (D:1)
  5 kobolds
  A quokka (D:2)
  3 ball pythons
  3 frilled lizards (D:1)
  4 rats
43 creatures vanquished.

Notes
Turn   | Place    | Note
-------+----------+-------------------------------------------
     0 | D:1      | qw the Djinni Hunter began the quest for the Orb.
     0 | D:1      | Reached XP level 1. HP: 18/18 MP: 0/0
     0 | D:1      | 0 ||| qw: Version: 0.3-a-135-gb77e89d
     0 | D:1      | 0 ||| qw: Game counter: 832
     0 | D:1      | 0 ||| qw: Melee chars always use a shield: true
     0 | D:1      | 0 ||| qw: God list: Okawaru
     0 | D:1      | 0 ||| qw: Allow faded altars: false
     0 | D:1      | 0 ||| qw: Do Orc after clearing Dungeon:15 true
     0 | D:1      | 0 ||| qw: Do second Lair branch before Depths: true
     0 | D:1      | 0 ||| qw: Lair rune preference: random
     0 | D:1      | 0 ||| qw: Goals: Normal
     0 | D:1      | 0 ||| PLANNING D:1-11
     1 | D:1      | Found a burning altar of Makhleb.
   245 | D:1      | Reached XP level 2. HP: 17/23 MP: 0/0
   619 | D:1      | Found a faded altar of an unknown god.
   845 | D:1      | 845 ||| UPGRADING to +0 ring mail.
   855 | D:1      | 855 ||| DROPPING +0 leather armour.
   856 | D:1      | 856 ||| READING scroll labelled UTTOLI SIEPNEO.
   859 | D:1      | 859 ||| READING scroll labelled MASHAS BIT ECA.
   860 | D:1      | 860 ||| READING scroll labelled UXKUSY BEC JAD.
   860 | D:1      | 860 ||| IDENTIFYING sedimented amethyst potion
   861 | D:1      | 861 ||| READING scroll labelled ZABOTZ JEIGH.
   861 | D:1      | 861 ||| ENCHANTING +0 shortbow.
   862 | D:1      | 862 ||| READING scroll labelled BYJOAPL SAUTU.
   863 | D:1      | 863 ||| DRINKING 2 coppery potions.
   864 | D:1      | 864 ||| DRINKING 2 ruby potions.
   865 | D:1      | 865 ||| DROPPING scroll of butterflies.
   953 | D:2      | Reached XP level 3. HP: 26/28 MP: 0/0
   953 | D:2      | Learned a level 1 spell: Magic Dart
   968 | D:2      | Reached skill level 4 in Ranged Weapons
   984 | D:2      | Reached skill level 1 in Armour
  1310 | D:2      | 1310 ||| UPGRADING to +0 helmet.
  1315 | D:2      | 1315 ||| DROPPING +6 ring of intelligence.
  1316 | D:2      | 1316 ||| READING scroll of identify.
  1316 | D:2      | 1316 ||| IDENTIFYING bubbling pink potion
  1317 | D:2      | 1317 ||| READING scroll labelled VAUTUABYTO.
  1418 | D:2      | 1418 ||| READING scroll labelled SUPAOGANANO.
  1419 | D:2      | 1419 ||| DROPPING potion of magic.
  1606 | D:3      | Reached XP level 4. HP: 27/34 MP: 0/0
  1913 | D:3      | Reached skill level 3 in Fighting
  2018 | D:3      | Noticed Ijyb
  2027 | D:3      | 2027 ||| DRINKING potion of curing.
  2027 | D:3      | 2027 ||| (to cure confusion)
  2103 | D:3      | HP: 6/35 [Ijyb/+0 dagger (4)]
  2107 | D:3      | 2107 ||| READING scroll of teleportation.
  2109 | D:3      | HP: 5/35 [Ijyb/+0 dagger (2)]
  2262 | D:3      | Killed Ijyb
  2369 | D:3      | 2369 ||| READING scroll of identify.
  2369 | D:3      | 2369 ||| IDENTIFYING sedimented blue potion
  2370 | D:3      | 2370 ||| READING 2 scrolls labelled IGHAM JAZUG.
  2371 | D:3      | 2371 ||| READING scroll labelled HOEDEAF TOEGANNOI.
  2372 | D:3      | 2372 ||| DROPPING scroll of blinking.
  2390 | D:4      | Noticed Natasha
  2392 | D:4      | Reached XP level 5. HP: 40/40 MP: 0/0
  2392 | D:4      | Learned a level 2 spell: Searing Ray
  2396 | D:4      | 2396 ||| STAIRDANCE
  2423 | D:4      | 2423 ||| STAIRDANCE
  2434 | D:3      | Killed Natasha
  2533 | D:4      | Noticed an ogre
  2540 | D:4      | Slain by an ogre

Levels and vault maps discovered:
D:1:      sevenhm_arrival_forest_fort_small_6, layout_loops_ring,
          hellmonk_ecumenical_altar_inner_sanctum, minmay_tetromino_o2
D:2:      layout_basic
D:3:      layout_basic, uniq_ijyb
D:4:      layout_cave_pods, elyvilon_altar_4, grunt_ministairs_1, uniq_natasha

Skill      XL: |  1  2  3  4 |
---------------+-------------+-----
Ranged Weapons | 4 |  4.5
Armour         | 1 |  1.0
Fighting       | 3 |  3.1
Dodging        | |  2.1
Stealth        | |  0.7

Action                     |  1- 3 |  4- 6 || total
---------------------------+-------+-------++-------
   Fire: Shortbow          |   124 |    56 ||   180
    Use: Scroll            |     8 |     4 ||    12
         Potion            |     2 |     1 ||     3
 Armour: Leather armour    |    21 |       ||    21
         Ring mail         |    32 |    58 ||    90
  Dodge: Dodged            |    44 |    34 ||    78

Table legend:
 A = Non-vault XP
 B = Vault XP
 C = Vault XP percentage of total XP
 D = Non-vault monster count
 E = Vault monster count
 F = Vault count percentage of total count
                 A         B        C        D         E       F
            +---------+---------+-------+---------+---------+-------
      Total |     100 |      75 |  42.9 |      39 |       4 |   9.3
            +---------+---------+-------+---------+---------+-------
        D:1 |      18 |       3 |  14.3 |      12 |       2 |  14.3
        D:2 |      40 |       0 |   0.0 |      15 |       0 |   0.0
        D:3 |      40 |      72 |  64.3 |      11 |       2 |  15.4
        D:4 |       2 |       0 |   0.0 |       1 |       0 |   0.0
            +---------+---------+-------+---------+---------+-------
